 Dungeon Sprint DCSS version 0.21-a0-286-g6fcecc0 (webtiles) character file.

219 potatolord6000 the Magician (level 5, 0/28 HPs)
             Began as a Deep Elf Fire Elementalist on Sept 26, 2017.
             Was a Priest of Vehumet.
             Slain by a slave (2 damage)
             ... led by Pikel
             ... in the Dungeon (Sprint VII: "The Pits").
             The game lasted 00:03:06 (569 turns).

potatolord6000 the Magician (DEFE)                   Turns: 569, Time: 00:03:07

Health: 0/28       AC:  2    Str:  5    XL:     5   Next: 63%
Magic:  11/17      EV: 16    Int: 21    God:    Vehumet [***...]
Gold:   0          SH:  0    Dex: 15    Spells: 12/19 levels left

rFire    . . .     SeeInvis .   d - +2 dagger (venom)
rCold    . . .     Gourm    .   (no shield)
rNeg     . . .     Faith    .   a - +0 robe
rPois    .         Spirit   .   (no helmet)
rElec    .         Reflect  .   (no cloak)
rCorr    .         Harm     .   (no gloves)
MR       .....     NoTele   +   (no boots)
Stlth    ++++......             (no amulet)
HPRegen  0.09/turn              (no ring)
MPRegen  0.15/turn              (no ring)

@: very slightly contaminated, invisible
A: no striking features
a: Renounce Religion


You were in the Dungeon.
You worshipped Vehumet.
Vehumet was most pleased with you.
You were not hungry.

You visited 1 branch

Inventory:

Hand Weapons
 d - a +2 dagger of venom (weapon)
Armour
 a - a +0 robe (worn)
Scrolls
 k - 3 scrolls of remove curse
 l - 5 scrolls of amnesia
Potions
 e - 6 potions of heal wounds
 f - 5 potions of curing
 g - 2 potions of magic
 h - 3 potions of berserk rage
 j - a potion of invisibility
Books
 b - a book of Flames

   Spells                             Type                      Level
   a - Flame Tongue                   Conjuration/Fire             1
   b - Throw Flame                    Conjuration/Fire             2
   c - Conjure Flame                  Conjuration/Fire             3
   d - Inner Flame                    Hexes/Fire                   3
   e - Sticky Flame                   Conjuration/Fire             4
   f - Fireball                       Conjuration/Fire             5
Comestibles
 c - 8 bread rations
 n - 40 fruits
 o - 7 meat rations


   Skills:
 + Level 6.4 Dodging
 + Level 7.2 Stealth
 + Level 7.5 Spellcasting
 + Level 5.7 Conjurations
 + Level 6.6 Fire Magic


You had 12 spell levels left.
You knew the following spells:

 Your Spells              Type           Power        Failure   Level  Hunger
a - Flame Tongue          Conj/Fire      ####.        1%          1    None
b - Throw Flame           Conj/Fire      ####..       1%          2    None
c - Sticky Flame          Conj/Fire      ####....     1%          4    ###....


Dungeon Overview and Level Annotations

Branches:
Dungeon (1/1)

Altars:
Ashenzari
Cheibriados
Dithmenos
Elyvilon
Fedhas
Gozag
Hepliaklqana
Kikubaaqudgha
Makhleb
Nemelex Xobeh
Okawaru
Qazlal
Ru
Sif Muna
Trog
Uskayaw
Vehumet
Wu Jian
Xom
Yredelemnul
Zin
The Shining One
Beogh
Jiyva
Lugonu

Annotations:
D Grinder


Message History

The black bear is moderately wounded.
The slave hits you.
* * * LOW HITPOINT WARNING * * *
Unknown command.
You strike the helpless black bear from behind!
You puncture the black bear!
You kill the black bear!
Vehumet accepts your kill.
Vehumet is aiding your destructive magics.
Your Dodging skill increases to level 6!
Your Stealth skill increases to level 7!
Your Spellcasting skill increases to level 7!
Your Conjurations skill increases to level 5!
Your Fire Magic skill increases to level 6!
You have reached level 5!
The slave barely misses you.
You hit the wight.
The wight is lightly damaged.
The slave hits you.
You die...

#_______...#######
##########'##.....
#.?(.')))'.##.....
##########.##.....
#...........'.....
#'#####'#####.....
#p#.....#..##.....
#p#...).#))#####'#
#@###'###))##.....
#z#†....#))##.....
#z#.....#[[##.....
#.####†##'###...<.
#z#.)......##.....
#.#........##.....
#'###########.....
#.5 ###### #...


You could see Grinder, 2 slaves and 3 wights.

Vanquished Creatures
  A slave (D)
  A black bear (D)
  A scorpion (D)
  A wight (D)
  A worker ant (D)
  A gnoll (D)
  A leopard gecko (D)
  2 ball pythons (D)
  A frilled lizard (D)
  A goblin (D)
  A kobold (D)
  A rat (D)
13 creatures vanquished.

Notes
Turn   | Place    | Note
-------+----------+-------------------------------------------
     0 | D        | potatolord6000 the Deep Elf Fire Elementalist began the quest for the Orb.
     0 | D        | Reached XP level 1. HP: 10/10 MP: 6/6
    13 | D        | Noticed a worker ant
    36 | D        | Killed a worker ant
    36 | D        | Reached XP level 2. HP: 7/15 MP: 6/9
    86 | D        | Found a bloodstained altar of Trog.
    86 | D        | Found a deep blue altar of Sif Muna.
    86 | D        | Found a viscous altar of Jiyva.
    86 | D        | Found a hazy altar of Hepliaklqana.
    86 | D        | Found an opulent altar of Gozag.
    87 | D        | Found a glowing golden altar of the Shining One.
    87 | D        | Found a glowing silver altar of Zin.
    87 | D        | Found a basalt altar of Yredelemnul.
    87 | D        | Found a shimmering altar of Xom.
    87 | D        | Found an ornate altar of the Wu Jian Council.
    87 | D        | Found a sacrificial altar of Ru.
    87 | D        | Found a stormy altar of Qazlal.
    87 | D        | Found an iron altar of Okawaru.
    87 | D        | Found a sparkling altar of Nemelex Xobeh.
    87 | D        | Found a burning altar of Makhleb.
    87 | D        | Found a blossoming altar of Fedhas.
    87 | D        | Found a white marble altar of Elyvilon.
    87 | D        | Found a shadowy altar of Dithmenos.
    87 | D        | Found a snail-covered altar of Cheibriados.
    89 | D        | Found a radiant altar of Vehumet.
    89 | D        | Found a corrupted altar of Lugonu.
    89 | D        | Found a roughly hewn altar of Beogh.
    91 | D        | Found an ancient bone altar of Kikubaaqudgha.
    91 | D        | Found a hide-covered altar of Uskayaw.
    91 | D        | Found a shattered altar of Ashenzari.
   105 | D        | Became a worshipper of Vehumet
   325 | D        | Reached * piety under Vehumet
   325 | D        | Offered knowledge of Shock by Vehumet.
   337 | D        | Noticed a scorpion
   340 | D        | Reached ** piety under Vehumet
   340 | D        | Reached XP level 3. HP: 19/19 MP: 7/11
   347 | D        | Killed a scorpion
   347 | D        | Reached skill level 5 in Stealth
   347 | D        | Reached skill level 5 in Spellcasting
   347 | D        | Reached skill level 5 in Fire Magic
   347 | D        | Reached XP level 4. HP: 19/24 MP: 5/13
   352 | D        | Learned a level 2 spell: Throw Flame
   357 | D        | Learned a level 4 spell: Sticky Flame
   543 | D        | Noticed a slave
   544 | D        | Noticed a slave
   545 | D        | Offered knowledge of Magic Dart by Vehumet.
   545 | D        | Noticed a slave
   546 | D        | Noticed Grinder
   546 | D        | Noticed a black bear
   553 | D        | Killed a slave
   563 | D        | Reached skill level 5 in Dodging
   568 | D        | Killed a black bear
   568 | D        | Reached *** piety under Vehumet
   568 | D        | Reached skill level 5 in Conjurations
   568 | D        | Reached XP level 5. HP: 2/28 MP: 11/17
   569 | D        | Slain by a slave

Vault maps used:
D:        pitsprint

Skill      XL: |  1  2  3  4 |
---------------+-------------+-----
Dodging        | 3 4 6 |  6.4
Stealth        | 4 5 7 |  7.2
Spellcasting   | 4 5 7 |  7.5
Conjurations   | 2 3 4 5 |  5.7
Fire Magic     | 4 5 6 |  6.6

Action                   |  1- 3 |  4- 6 || total
-------------------------+-------+-------++-------
Melee: Dagger            |    11 |     5 ||    16
 Cast: Flame Tongue      |    14 |     5 ||    19
       Throw Flame       |       |     3 ||     3
       Sticky Flame      |       |     2 ||     2
  Use: Potion            |     3 |     2 ||     5
       Scroll            |       |     2 ||     2
 Stab: Sleeping          |     1 |       ||     1
       Invisible         |       |     1 ||     1
Armor: Robe              |       |     1 ||     1
Dodge: Dodged            |    19 |    17 ||    36

Table legend:
 A = Spawn XP
 B = Non-spawn XP
 C = Spawn XP percentage of total XP
 D = Spawn monster count
 E = Non-spawn monster count
 F = Spawn count percentage of total count
 G = Total turns spent on level
                    A         B        C        D         E        F      G
               +---------+---------+-------+---------+---------+-------+---------
         Total |       0 |     313 |   0.0 |       0 |      12 |   0.0 |   569
               +---------+---------+-------+---------+---------+-------+---------
             D |       0 |     313 |   0.0 |       0 |      12 |   0.0 |   569
               +---------+---------+-------+---------+---------+-------+---------
